 Dungeon Crawl Stone Soup version 0.29-a0-398-ge13fd1374b (webtiles) character file.

Game seed: 18011829333974568070

3873 thiscave3701365 the Cleaver (level 10, -3/85 (90) HPs)
             Began as a Minotaur Berserker on May 12, 2022.
             Was a Priest of Trog.
             Slain by a wight
             ... wielding a +1 spear
              (5 damage)
             ... on level 8 of the Dungeon.
             The game lasted 00:07:31 (8074 turns).

thiscave3701365 the Cleaver (Minotaur Berserker)    Turns: 8074, Time: 00:07:32

HP:   -3/85 (90)    AC:  9    Str: 25    XL:     10   Next: 0%
MP:   9/9           EV:  8    Int:  4    God:    Trog [***...]
Gold: 113           SH:  0    Dex: 11    Spells: 9/9 levels left

rFire   . . .      SeeInvis +   a - +0 hand axe
rCold   . . .      Faith    .   (no shield)
rNeg    . . .      Spirit   .   b - +0 plate armour
rPois   .          Reflect  .   (helmet restricted)
rElec   .          Harm     .   s - +1 cloak
rCorr   .          Rampage  .   (no gloves)
Will    ++...                   (no boots)
Stlth   ..........              (no amulet)
HPRegen 1.24/turn               f - ring of see invisible
MPRegen 0.11/turn               (no ring)

@: strong-willed, corroded, on berserk cooldown, regenerating, slowed, drained,
very slow
A: horns 2, retaliatory headbutt
a: Renounce Religion, Berserk, Trog's Hand


You were on level 8 of the Dungeon.
You worshipped Trog.
Trog was most pleased with you.
You visited 1 branch of the dungeon, and saw 7 of its levels.

You collected 217 gold pieces.
You spent 104 gold pieces at shops.

Inventory:

Hand Weapons
 a - a +0 hand axe (weapon)
Missiles
 t - a throwing net
Armour
 b - a +0 plate armour (worn)
 s - a +1 cloak (worn)
Jewellery
 f - a ring of see invisible (left hand)
Wands
 r - a wand of polymorph (1)
 x - a wand of flame (14)
Scrolls
 g - a scroll of amnesia
 i - a scroll of enchant armour
 k - a scroll of poison {unknown}
 l - a scroll of fog
 n - 2 scrolls of summoning
 o - 2 scrolls of teleportation
Potions
 c - 2 potions of attraction
 d - 2 potions of heal wounds
 e - a potion of haste {unknown}
 h - 2 potions of mutation
 j - 4 potions of curing
 m - a potion of lignification
 p - a potion of might {unknown}
 u - 3 potions of degeneration
 w - 2 potions of flight
 z - a potion of berserk rage {unknown}


   Skills:
 + Level 8.6 Fighting
 + Level 11.9 Axes
 + Level 10.1 Armour
 + Level 3.2 Dodging
 + Level 0.7 Stealth
 + Level 0.2 Unarmed Combat


You had 9 spell levels left.
You didn't know any spells.
Your spell library was empty.

Dungeon Overview and Level Annotations

Branches:
Dungeon (6/15)
 Temple: D:4-7

Altars:

Shops:
D:3 !!?


Innate Abilities, Weirdness & Mutations

You have a pair of horns on your head.
You reflexively headbutt those who attack you in melee.


Message History

The wight hits you with a +3 spear of freezing.
You feel drained. The wight freezes you.
* * * LOW HITPOINT WARNING * * *
You hit the wight.
The wight is lightly damaged.
The wight closely misses you. You furiously retaliate!
You headbutt the wight, but do no damage.
The wight hits you from afar with a +1 spear!
* * * LOW HITPOINT WARNING * * *
You feel drained.
* * * LOW HITPOINT WARNING * * *
You hit the wight. Your headbutt misses the wight.
The wight is lightly damaged.
The wight hits you but does no damage.
The wight hits you with a +3 spear of freezing.
* * * LOW HITPOINT WARNING * * *
The wight freezes you.
* * * LOW HITPOINT WARNING * * *
You're still recovering from your berserk rage.
Your skin crawls.
You feel strong-willed.
The wight barely misses you. x2; You furiously retaliate!
You headbutt the wight, but do no damage.
The wight closely misses you. The wight barely misses you.
You closely miss the wight.
The wight is lightly damaged.
The wight hits you but does no damage.
The wight hits you from afar with a +1 spear!
* * * LOW HITPOINT WARNING * * *
You feel better. The wight closely misses you.
The wight hits you from afar with a +1 spear.
* * * LOW HITPOINT WARNING * * *
You hit the wight. Your headbutt misses the wight.
The wight is moderately damaged.
The wight hits you with a +3 spear of freezing!
* * * LOW HITPOINT WARNING * * *
The wight freezes you.
* * * LOW HITPOINT WARNING * * *
The wight hits you from afar with a +1 spear.
You die...

##### ..
#.@.# ...
###z# ....
#z# ###....
#.# ..z....
#.##.z.....
###.#†[......
#≈§≈
#...#.†......
#§§§#
+....††......
≈§≈#
+...#.##.....


You could see 2 wights.

Vanquished Creatures
  A two-headed ogre (D:8)
  A slime creature (D:6)
  Sigmund (D:4)
  6 yaks (D:8)
  An acid dragon (D:8)
  A water moccasin (D:6)
  A black bear (D:5)
  An ice beast (D:5)
  2 ogres (D:5)
  2 centaurs (D:8)
  A phantom (D:5)
  2 necrophages
  3 gnoll sergeants (D:5)
  A scorpion (D:5)
  11 jellies
  2 hounds
  Crazy Yiuf (D:2)
  Natasha (thrice) (D:2)
  2 iguanas
  2 orc wizards (D:8)
  20 gnolls
  7 adders
  A white imp (D:8)
  An ufetubus (D:6)
  2 worms (D:2)
  A dart slug (D:1)
  12 orcs
  8 ball pythons
  2 bats
  14 endoplasms
  A giant cockroach (D:4)
  7 goblins
  5 hobgoblins
  6 jackals (D:2)
  A quokka (D:3)
  A frilled lizard (D:3)
  6 kobolds
  7 rats
147 creatures vanquished.

Vanquished Creatures (others)
  6 fungi (D:6)
  16 plants (D:5)
22 creatures vanquished.

Grand Total: 169 creatures vanquished

Notes
Turn   | Place    | Note
-------+----------+-------------------------------------------
     0 | D:1      | thiscave3701365 the Minotaur Berserker began the quest for
                  | the Orb.
     0 | D:1      | Reached XP level 1. HP: 19/19 MP: 0/0
    73 | D:1      | Found a faded altar of an unknown god.
   517 | D:1      | Reached XP level 2. HP: 24/27 MP: 1/1
   949 | D:2      | Noticed Natasha
   954 | D:2      | Killed Natasha
   955 | D:2      | Reached skill level 4 in Axes
   955 | D:2      | Reached XP level 3. HP: 33/33 MP: 2/2
  1369 | D:2      | Found a runed translucent door.
  1370 | D:2      | Noticed Crazy Yiuf
  1446 | D:2      | Noticed Natasha
  1454 | D:2      | Killed Natasha
  1455 | D:2      | Reached XP level 4. HP: 38/41 MP: 3/3
  1658 | D:2      | Reached skill level 5 in Axes
  1722 | D:2      | Noticed Natasha
  1729 | D:2      | Killed Natasha
  1996 | D:2      | Reached ** piety under Trog
  2142 | D:2      | Killed Crazy Yiuf
  2143 | D:2      | Reached XP level 5. HP: 47/47 MP: 4/4
  2498 | D:3      | Reached skill level 6 in Axes
  2517 | D:3      | Found Asim's Distillery.
  2520 | D:3      | Bought a potion of curing for 39 gold pieces
  2520 | D:3      | Bought a potion of heal wounds for 65 gold pieces
  2770 | D:3      | Found Wemo's Distillery.
  2953 | D:3      | Found Doklibe's Magic Scroll Emporium.
  3258 | D:4      | Noticed Sigmund
  3271 | D:4      | Killed Sigmund
  3272 | D:4      | Reached skill level 5 in Fighting
  3272 | D:4      | Reached XP level 6. HP: 56/56 MP: 5/5
  3506 | D:4      | Reached skill level 7 in Axes
  3914 | D:4      | Reached XP level 7. HP: 57/61 MP: 6/6
  4256 | D:5      | Entered Level 5 of the Dungeon
  4259 | D:5      | Reached skill level 5 in Armour
  4479 | D:5      | Reached skill level 8 in Axes
  4673 | D:5      | Reached XP level 8. HP: 63/71 MP: 7/7
  4687 | D:5      | Reached *** piety under Trog
  5286 | D:5      | Reached skill level 9 in Axes
  5954 | D:5      | Identified the +4 leather armour of Seischeo {Will- Str+7}
  7147 | D:6      | Noticed a slime creature
  7158 | D:6      | Killed a slime creature
  7160 | D:6      | Reached XP level 9. HP: 69/80 MP: 8/8
  7608 | D:6      | You fall into a shaft and drop 2 floors!
  7861 | D:8      | Noticed a two-headed ogre
  7868 | D:8      | Killed a two-headed ogre
  7869 | D:8      | Reached skill level 10 in Axes
  8039 | D:8      | Reached skill level 11 in Axes
  8041 | D:8      | Reached skill level 10 in Armour
  8057 | D:8      | Reached XP level 10. HP: 18/90 MP: 9/9
  8074 | D:8      | HP: 2/85 [wight/+3 spear of freezing (3)]
  8074 | D:8      | Slain by a wight

Illustrated notes

Levels and vault maps discovered:
D:1:      saegor_arrival_simple_b, layout_basic, shapermc_ecumenical_altar_petra
D:2:      layout_basic, lemuel_old_faithful, uniq_crazy_yiuf_cottage,
          uniq_natasha
D:3:      layout_loops_corners, serial_shops, shop, nicolae_shop_behind_doors,
          shop, palyth_stone_intersect, wad_rectangle_vault
D:4:      layout_loops_cross, uniq_sigmund
D:5:      layout_basic, nicolae_grassy_gnolls
D:6:      lemuel_slime, layout_gridville, uniq_duvessa, uniq_pikel
D:8:      layout_basic, kennysheep_opposing_triangles, uniq_erica

Skill      XL: |  1  2  3  4  5  6  7  8  9 |
---------------+----------------------------+-----
Fighting       | 4 5 6 7 8 |  8.6
Axes           | 4 5 6 7 8 9 11 | 11.9
Armour         | 3 4 6 8 10 | 10.1
Dodging        | 3 |  3.2
Stealth        | |  0.7
Unarmed Combat | |  0.2

Action                   |  1- 3 |  4- 6 |  7- 9 | 10-12 || total
-------------------------+-------+-------+-------+-------++-------
Melee: Hand axe          |    49 |   121 |   222 |     5 ||   397
       Headbutt          |     8 |    17 |    57 |     1 ||    83
       Unarmed           |       |     3 |       |       ||     3
       Punch             |       |     1 |     4 |       ||     5
Invok: Berserk           |     1 |     4 |     9 |       ||    14
       Trog's Hand       |       |       |       |     1 ||     1
  Use: Scroll            |       |       |    15 |       ||    15
       Potion            |       |       |       |     2 ||     2
 Stab: Sleeping          |     1 |       |       |       ||     1
Armor: Animal skin       |     6 |       |       |       ||     6
       Chain mail        |     3 |    52 |     4 |       ||    59
       Plate armour      |       |       |   150 |     4 ||   154
Dodge: Dodged            |    29 |    61 |    83 |     8 ||   181

Table legend: (Time is in decaauts)
 A = Elapsed time spent in this place.
 B = Non-inter-level travel time spent in this place.
 C = Inter-level travel time spent in this place.
 D = Time resting spent in this place.
 E = Time spent auto-exploring this place.
 F = Levels seen in this place.
 G = Mean time per level.
                   A        B        C        D        E       F      G
               +--------+--------+--------+--------+--------+-----+--------+
         Total |   8155 |   7848 |    307 |   2636 |   4304 |   7 | 1165.0 |
       Dungeon |   8155 |   7848 |    307 |   2636 |   4304 |   7 | 1165.0 |
               +--------+--------+--------+--------+--------+-----+--------+

Top non-repeatable levels by time:
     D:5: 2578 daAuts
     D:2: 1296 daAuts
     D:4: 1045 daAuts
     D:3: 1010 daAuts
     D:1: 950 daAuts
     D:6: 810 daAuts
     D:8: 462 daAuts
